 Dungeon Crawl Stone Soup version 0.27-a0-984-g00e00afbbc (webtiles) character file.

Game seed: 9010387793178696580

331 Morbidden the Skirmisher (level 6, -5/32 HPs)
             Began as a Vine Stalker Fighter on Apr 15, 2021.
             Was an Initiate of Gozag.
             Slain by a gnoll
             ... wielding a +2 spear of venom
              (6 damage)
             ... on level 4 of the Dungeon.
             The game lasted 00:03:24 (3227 turns).

Morbidden the Skirmisher (Vine Stalker Fighter)     Turns: 3227, Time: 00:03:25

Health: -5/32      AC:  6    Str: 18    XL:     6   Next: 52%
Magic:  0/9        EV:  7    Int: 10    God:    Gozag
Gold:   125        SH: 10    Dex: 14    Spells: 8/8 levels left

rFire    . . .     SeeInvis .   b - +1 dagger (venom)
rCold    . . .     Faith    .   c - +1 kite shield
rNeg     . . .     Spirit   +   n - +0 scale mail
rPois    .         Reflect  .   (no helmet)
rElec    .         Harm     .   (no cloak)
rCorr    .         Rampage  .   (no gloves)
Will     .....                  (no boots)
Stlth    ..........             (no amulet)
HPRegen  1.10/turn              (no ring)
MPRegen  0.11/turn              (no ring)

@: lethally poisoned (-5 -> -11), gold aura
A: fangs 2, regeneration 1, magic shield, antimagic bite, no potion heal 2
a: Renounce Religion, Potion Petition, Call Merchant, Bribe Branch


You were on level 4 of the Dungeon.
You worshipped Gozag.
Gozag was aware of your devotion.
You visited 1 branch of the dungeon, and saw 4 of its levels.

You collected 190 gold pieces.
You paid 65 gold pieces to Gozag.

Inventory:

Hand Weapons
 a - a +0 long sword
 b - a +1 dagger of venom (weapon)
Armour
 c - a +1 kite shield (worn)
 n - a +0 scale mail (worn)
Wands
 j - a wand of digging (7)
 m - a wand of flame (12)
Scrolls
 e - a scroll of blinking
 f - 3 scrolls of identify
Potions
 d - a potion of might
 g - a potion of attraction
 h - a potion of lignification {unknown}
 i - 2 potions of cancellation {unknown}
 k - a potion of ambrosia {unknown}
 p - a potion of degeneration {unknown}


   Skills:
 * Level 3.6 Fighting
 + Level 3.4 Long Blades
 + Level 3.5 Armour
 + Level 0.7 Dodging
 + Level 3.4 Shields
 * Level 1.9 Spellcasting


You had 8 spell levels left.
You didn't know any spells.
Your spell library contained the following spells:

 Spells                   Type           Power      Damage    Failure   Level
 Animate Skeleton         Necr           0%         N/A       99%         1
 Apportation              Tloc           0%         N/A       99%         1
 Corona                   Hex            0%         N/A       99%         1
 Shock                    Conj/Air       0%         1d3       99%         1
 Summon Small Mammal      Summ           0%         N/A       99%         1
 Static Discharge         Conj/Air       0%         N/A       100%        2
 Swiftness                Air            0%         N/A       100%        3
 Airstrike                Air            0%         N/A       100%        4
 Lightning Bolt           Conj/Air       0%         1d11      100%        5


Dungeon Overview and Level Annotations

Branches:
Dungeon (4/15)
 Temple: D:4-7

Altars:
Elyvilon
Gozag
Trog
Vehumet
Wu Jian


Innate Abilities, Weirdness & Mutations

You have extremely sharp teeth.
Your natural rate of healing is unusually fast.
When hurt, damage is shared between your health and your magic reserves.
Your bite disrupts and absorbs the magic of your enemies.
Potions cannot restore your health.


Message History

The gnoll is no longer distracted by gold.
You block the adder's attack. The gnoll hits you but does no damage.
The gnoll completely misses you.
You hit the adder.
You kill the adder!
The gnoll hits you but does no damage.
The gnoll hits you from afar with a +0 spear.
Unknown command.
The gnoll becomes distracted by the nearby gold, dreaming of imaginary riches.
You block the gnoll's attack. x2
You hit the gnoll.
The gnoll is poisoned.
The gnoll is heavily wounded.
The gnoll hits you from afar with a +2 spear of venom.
You are poisoned.
The gnoll hits you but does no damage.
You barely miss the gnoll. You bite the gnoll.
You kill the gnoll!
You feel very sick.
The gnoll becomes distracted by the nearby gold, dreaming of imaginary riches.
You feel sick.
The gnoll is no longer distracted by gold. x2
The gnoll closely misses you. You block the gnoll's attack.
Things that are here:
5 gold pieces; a +0 spear Unknown command.
You hit the gnoll.
The gnoll is moderately wounded.
You feel sick. The gnoll barely misses you.
The gnoll hits you with a +2 spear of venom!
* * * LOW HITPOINT WARNING * * *
You are lethally poisoned!
You barely miss the gnoll. Your bite misses the gnoll.
The gnoll is moderately wounded.
* * * LOW HITPOINT WARNING * * *
You feel very sick.
The gnoll hits you from afar with a +0 spear.
* * * LOW HITPOINT WARNING * * *
The gnoll hits you with a +2 spear of venom!
You die...
Your body crumbles into a pile of gold.

##..... $ .....# .....#
#. .....#
♣♣.♣♣#####.....##
♣P.♣♣............ ♣≈≈♣
#gg...... ♣≈≈≈ #g###....
$ #♣♣♣♣♣♣≈♣♣♣♣♣♣@# .
#≈PP≈♣≈.≈♣♣PP♣.#
..≈≈≈≈≈.≈≈.≈≈..#
♣P≈.♣≈.≈♣♣≈♣P## ### ♣
♣♣.♣♣♣♣♣♣# ##_## ♣♣.≈♣♣♣
####...#### ♣≈.♣♣.#
##.........##
♣♣≈≈♣.####..##...##..###
♣≈)♣♣..#_..###_._###.._#


You could see 3 gnolls.

Vanquished Creatures
  An ogre (D:4)
  An orc priest (D:3)
  Ijyb (D:3)
  2 orc wizards (D:3)
  2 adders
  4 gnolls
  A worm (D:3)
  A dart slug (D:3)
  7 orcs (D:3)
  6 ball pythons
  7 bats
  4 endoplasms
  4 giant cockroaches
  9 goblins
  4 hobgoblins
  7 jackals
  5 kobolds
  2 quokkas
  5 frilled lizards
  4 rats
77 creatures vanquished.

Vanquished Creatures (others)
  2 plants (D:4)
2 creatures vanquished.

Grand Total: 79 creatures vanquished

Notes
Turn   | Place    | Note
-------+----------+-------------------------------------------
     0 | D:1      | Morbidden the Vine Stalker Fighter began the quest for the
                  | Orb.
     0 | D:1      | Reached XP level 1. HP: 11/11 MP: 2/2
   406 | D:1      | Reached XP level 2. HP: 12/16 MP: 3/3
   779 | D:1      | Reached XP level 3. HP: 20/20 MP: 4/4
  1844 | D:2      | Found a radiant altar of Vehumet.
  1972 | D:2      | HP: 1/20 [adder (1)]
  1974 | D:2      | Gained mutation: Your natural rate of healing is unusually
                  | fast. [Vine Stalker growth]
  1974 | D:2      | Reached XP level 4. HP: 2/24 MP: 1/5
  2260 | D:3      | Found a faded altar of an unknown god.
  2441 | D:3      | Noticed Ijyb
  2454 | D:3      | Killed Ijyb
  2455 | D:3      | Reached skill level 1 in Spellcasting
  2455 | D:3      | Reached XP level 5. HP: 16/28 MP: 2/7
  3016 | D:3      | Reached XP level 6. HP: 32/32 MP: 9/9
  3118 | D:4      | Found an opulent altar of Gozag.
  3118 | D:4      | Found a faded altar of an unknown god.
  3123 | D:4      | Found a bloodstained altar of Trog.
  3141 | D:4      | Found a white marble altar of Elyvilon.
  3142 | D:4      | Found an ornate altar of the Wu Jian Council.
  3153 | D:4      | Became a worshipper of Gozag Ym Sagoz the Greedy
  3227 | D:4      | HP: 1/32 [gnoll/+0 spear (2)]
  3227 | D:4      | Slain by a gnoll

Illustrated notes

Levels and vault maps discovered:
D:1:      sevenhm_arrival_forest_fort_small_5, layout_basic
D:2:      layout_loops_ring, basic_altar
D:3:      layout_loops_ring, hellmonk_ecumenical_altar_inner_sanctum, uniq_ijyb
D:4:      layout_basic, chequers_temple_overflow_minitemple,
          serial_corexii_hall, corexii_hall_statues_l, corexii_hall_statues_l,
          chequers_hall_statues_y, gammafunk_ghost_grave, serial_bayou_crossing

Skill      XL: |  1  2  3  4  5 |
---------------+----------------+-----
Shields        | 3 |  3.4
Fighting       | 3 |  3.6
Long Blades    | 2 3 |  3.4
Spellcasting   | 1 |  1.9
Armour         | 3 |  3.5
Dodging        | |  0.7

Action                   |  1- 3 |  4- 6 || total
-------------------------+-------+-------++-------
Melee: Long sword        |   113 |    77 ||   190
       Bite              |    25 |    45 ||    70
       Dagger            |       |    53 ||    53
  Use: Potion            |     4 |       ||     4
       Scroll            |     1 |     3 ||     4
Armor: Scale mail        |    79 |    40 ||   119
Dodge: Dodged            |    45 |    32 ||    77
Block: Kite shield       |    65 |    59 ||   124
       Rpst.: Long sword |    11 |     5 ||    16

Table legend: (Time is in decaauts)
 A = Elapsed time spent in this place.
 B = Non-inter-level travel time spent in this place.
 C = Inter-level travel time spent in this place.
 D = Time resting spent in this place.
 E = Time spent auto-exploring this place.
 F = Levels seen in this place.
 G = Mean time per level.
                   A        B        C        D        E       F      G
               +--------+--------+--------+--------+--------+-----+--------+
         Total |   3338 |   3153 |    185 |     33 |   2494 |   4 |  834.5 |
       Dungeon |   3338 |   3153 |    185 |     33 |   2494 |   4 |  834.5 |
               +--------+--------+--------+--------+--------+-----+--------+

Top non-repeatable levels by time:
     D:1: 1336 daAuts
     D:3: 965 daAuts
     D:2: 887 daAuts
     D:4: 149 daAuts
